 Dungeon Crawl Stone Soup version 0.28.0-53-g5a82cb258f (webtiles) character file.

Game seed: 4740116248817292213

151 firemarshallily the Skirmisher (level 5, -1/46 HPs)
             Began as a Palentonga Monk on July 7, 2022.
             Slain by an orc
             ... wielding a +0 falchion
              (5 damage)
             ... on level 4 of the Dungeon.
             The game lasted 00:11:34 (4175 turns).

firemarshallily the Skirmisher (Palentonga Monk)    Turns: 4175, Time: 00:11:35

Health: -1/46      AC:  6    Str: 16    XL:     5   Next: 11%
Magic:  0/5        EV: 14    Int: 11    God:
Gold:   140        SH:  0    Dex: 12    Spells: 4/4 levels left

rFire   . . .      SeeInvis +     - Unarmed
rCold   . . .      Faith    .   (no shield)
rNeg    . . .      Spirit   +   a - +0 robe
rPois   .          Reflect  .   m - +1 helmet
rElec   .          Harm     .   (no cloak)
rCorr   .          Rampage  .   (no gloves)
Will    .....                   (no barding)
Stlth   ++........              e - amulet of guardian spirit
HPRegen 0.15/turn               i - +4 ring of evasion
MPRegen 0.09/turn               (no ring)

@: no status effects
A: large, rugged brown scales 3, see invisible, deformed body, roll 1, armoured
tail
a: Rolling Charge


You were on level 4 of the Dungeon.
You visited 1 branch of the dungeon, and saw 4 of its levels.

You collected 140 gold pieces.

Inventory:

Missiles
 b - 72 stones
 f - 3 poisoned darts
 g - 4 javelins
Armour
 a - a +0 robe (worn)
 m - a +1 helmet (worn)
Jewellery
 e - an amulet of guardian spirit (around neck)
 i - a +4 ring of evasion (left hand)
 l - an amulet of magic regeneration
Scrolls
 d - a scroll of blinking
Potions
 h - a potion of resistance
 j - a potion of invisibility
 k - a potion of curing {unknown}
 o - a potion of heal wounds {unknown}


   Skills:
 * Level 4.3 Fighting
 - Level 2.6 Dodging
 - Level 1.2 Stealth
 * Level 4.3 Unarmed Combat
 + Level 1.3 Transmutations


You had 4 spell levels left.
You didn't know any spells.
Your spell library contained the following spells:

 Spells                   Type           Power      Damage    Failure   Level
 Wereblood                Tmut           3%         N/A       30%         2
 Static Discharge         Conj/Air       0%         N/A       47%         2
 Sublimation of Blood     Necr           0%         N/A       47%         2
 Dispel Undead            Necr           0%         3d6       98%         4
 Leda's Liquefaction      Hex/Erth       0%         N/A       98%         4
 Sticky Flame             Conj/Fire      0%         2d3       98%         4
 Lee's Rapid Deconstruct  Erth           0%         3d5*      100%        5
 Statue Form              Tmut/Erth      0%         N/A       100%        6
 Summon Hydra             Summ           0%         N/A       100%        7


Dungeon Overview and Level Annotations

Branches:
Dungeon (4/15)
 Temple: D:4-7

Altars:
Fedhas
Qazlal
Xom

Shops:
D:1 [


Innate Abilities, Weirdness & Mutations

You are completely covered in rugged brown scales. (AC +3, +7% HP)
You have supernaturally acute eyesight. (SInv)
Armour fits poorly on your strangely shaped body.
You can roll at nearby foes to attack.
You have a long armoured tail.


Message History

You hit the orc.
You kill the orc!
The orc hits you but does no damage. The orc hits you with a +0 dagger.
You hit the orc but do no damage.
The orc is lightly wounded.
The orc barely misses you. The orc hits you but does no damage.
You hit the orc.
The orc is almost dead.
The orc closely misses you. The orc hits you with a +0 mace.
The orc closely misses you. The orc completely misses you. The orc misses you.
You closely miss the orc.
Your tail-slap misses the orc.
The orc closely misses you.
You barely miss the orc.
Your hearing returns.
The orc closely misses you. The orc hits you with a +0 mace.
You barely miss the orc. The orc hits you with a +0 morningstar.
The orc completely misses you.
You closely miss the orc. The orc misses you. The orc hits you with a +0 mace.
You completely miss the orc. The orc hits you but does no damage.
You hit the orc.
The orc is heavily wounded.
The orc hits you with a +0 mace! The orc hits you with a +0 morningstar!
The dart slug briefly extends its eye-stalks.
The orc throws a boomerang.
The boomerang hits you but does no damage.
You closely miss the orc.
Your tail-slap misses the orc.
The orc is heavily wounded.
You hit the orc.
You kill the orc!
You hit the orc but do no damage.
The orc is severely wounded.
The orc hits you with a +0 morningstar!
* * * LOW HITPOINT WARNING * * *
The orc misses you. The orc hits you with a +0 falchion.
* * * LOW HITPOINT WARNING * * *
Things that are here:
a +0 mace; a boomerang; an orc corpse The orc hits you with a +0 falchion.
You die...

#... ...
... .. #..#
##.##...
.......##
...##..#
#.###†##
##..#..<#
#.woo@..#
#:.##o..#
#.).#...##
....###....
##....
##....
#....
....##
#....#
##.##
...... .#
#..##..


You could see a dart slug and 3 orcs.

Vanquished Creatures
  An iguana (D:4)
  5 gnolls (D:3)
  An adder (D:2)
  2 orcs (D:4)
  3 ball pythons (D:2)
  7 endoplasms
  3 giant cockroaches
  3 goblins
  8 hobgoblins
  5 jackals
  6 quokkas
  7 bats
  2 frilled lizards
  4 kobolds
  4 rats (D:1)
61 creatures vanquished.

Notes
Turn   | Place    | Note
-------+----------+-------------------------------------------
     0 | D:1      | firemarshallily the Palentonga Monk began the quest for the
                  | Orb.
     0 | D:1      | Reached XP level 1. HP: 19/19 MP: 1/1
   498 | D:1      | Reached XP level 2. HP: 25/25 MP: 2/2
   502 | D:1      | Found Byitt's Antique Armour Shop.
  1643 | D:2      | Reached XP level 3. HP: 31/31 MP: 3/3
  3066 | D:3      | Found a stormy altar of Qazlal.
  3120 | D:3      | Reached XP level 4. HP: 14/39 MP: 1/4
  3654 | D:3      | Found a shimmering altar of Xom.
  3680 | D:3      | Reached skill level 1 in Transmutations
  3815 | D:3      | Found a blossoming altar of Fedhas.
  4149 | D:4      | Reached XP level 5. HP: 44/46 MP: 5/5
  4175 | D:4      | Slain by an orc

Illustrated notes

Levels and vault maps discovered:
D:1:      amcnicky_arrival_feature_with_door, layout_basic, serial_shops,
          shop_statue
D:2:      layout_basic
D:3:      layout_loops_ring, mainiacjoe_overflow_surrounded_room,
          nicolae_overflow_hidden_temple, tgw_xom
D:4:      layout_cave_pools, minmay_temple_entry_junction, portal_sewer_entry_e

Skill      XL: |  1  2  3  4 |
---------------+-------------+-----
Fighting       | 4 |  4.3
Unarmed Combat | 4 |  4.3
Transmutations | 1 |  1.3
Dodging        | |  2.6
Stealth        | |  1.2

Action                   |  1- 3 |  4- 6 || total
-------------------------+-------+-------++-------
Melee: Unarmed           |   154 |    65 ||   219
       Tailslap          |    22 |    12 ||    34
       Punch             |     1 |     2 ||     3
 Abil: Rolling Charge    |    19 |     9 ||    28
  Use: Scroll            |     4 |     3 ||     7
 Stab: Sleeping          |     4 |       ||     4
       Invisible         |       |     3 ||     3
Armor: Robe              |    38 |    10 ||    48
Dodge: Dodged            |    76 |    50 ||   126
